 Dungeon Crawl Stone Soup version 0.27-a0-417-g317cea8a3c (webtiles) character file.

Game seed: 11109353734706536565

45866 wampuh the Envoy of Void (level 14, -6/110 HPs)
             Began as a Demonspawn Abyssal Knight on Feb 25, 2021.
             Was a High Priest of Lugonu.
             Mangled by a wyvern (12 damage)
             ... on level 14 of the Dungeon.
             The game lasted 00:38:06 (16905 turns).

wampuh the Envoy of Void (DsAK)                    Turns: 16905, Time: 00:38:06

Health: -6/110     AC: 20    Str: 16    XL:     14   Next: 2%
Magic:  25/25      EV: 12    Int: 15    God:    Lugonu [*****.]
Gold:   1044       SH:  5    Dex: 16    Spells: 13/13 levels left

rFire    + + .     SeeInvis .   J - +5 lajatang (freeze)
rCold    . . .     Faith    .   (shield currently unavailable)
rNeg     . . .     Spirit   .   w - +0 fire dragon scales
rPois    +         Reflect  +   (helmet unavailable)
rElec    .         Harm     .   e - +2 cloak {rC+}
rCorr    +         Rampage  .   D - +2 pair of gloves {Dex+3}
Will     +....                  (no boots)
Stlth    ..........             s - amulet of reflection
HPRegen  0.28/turn              h - ring of poison resistance
MPRegen  0.19/turn              S - ring of resist corrosion

@: no status effects
A: horns 3, icy blue scales 2, powered by death 3
a: Renounce Religion, Depart the Abyss, Bend Space, Banish, Corrupt, Enter the
Abyss


You were on level 14 of the Dungeon.
You worshipped Lugonu.
Lugonu was extremely pleased with you.
You visited 1 branch of the dungeon, and saw 15 of its levels.
You visited the Abyss 1 time.
You also visited: Bailey and Ice Cave.

You collected 1424 gold pieces.
You spent 380 gold pieces at shops.

Inventory:

Hand Weapons
 H - a +4 fustibalus of freezing
 J - a +5 lajatang of freezing (weapon)
Missiles
 d - 280 arrows
 g - 6 curare-tipped darts
 x - 2 throwing nets
Armour
 a - a +0 plate armour
 e - a +2 cloak of cold resistance (worn)
 r - a +2 kite shield
 w - +0 fire dragon scales (worn)
 D - a +2 pair of gloves of dexterity (worn)
Magical Staves
 B - a staff of conjuration
Jewellery
 c - an amulet of the acrobat
 h - a ring of poison resistance (left hand)
 s - an amulet of reflection (around neck)
 S - a ring of resist corrosion (right hand)
Wands
 t - a wand of acid (4)
 v - a wand of charming (8)
 z - a wand of random effects (64)
 E - a wand of mindburst (18)
 L - a wand of digging (7)
 P - a wand of iceblast (9)
Scrolls
 f - 2 scrolls of immolation
 k - 3 scrolls of blinking
 q - a scroll of vulnerability
 y - 4 scrolls of teleportation
 K - a scroll of amnesia
 O - 2 scrolls of summoning {unknown}
 R - a scroll of noise {unknown}
Potions
 i - 4 potions of flight
 j - 4 potions of ambrosia {unknown}
 l - 6 potions of might
 m - 7 potions of curing
 n - 5 potions of degeneration
 o - 7 potions of mutation
 p - a potion of heal wounds
 u - 2 potions of lignification {unknown}
 A - 4 potions of haste {unknown}
 C - a potion of magic {unknown}
 F - a potion of resistance
 N - 2 potions of brilliance {unknown}
Miscellaneous
 G - a phial of floods
 I - a lightning rod (4/4)


   Skills:
 - Level 10.0 Fighting
 - Level 14.0 Staves
 - Level 1.8 Throwing
 + Level 7.5 Armour
 + Level 6.0 Dodging
 - Level 1.7 Unarmed Combat
 - Level 15.0 Invocations
 - Level 5.0 Evocations


You had 13 spell levels left.
You didn't know any spells.
Your spell library contained the following spells:

 Spells                   Type           Power        Failure   Level
 Animate Skeleton         Necr           0%           71%         1
 Apportation              Tloc           0%           71%         1
 Beastly Appendage        Tmut           0%           71%         1
 Corona                   Hex            0%           71%         1
 Sandblast                Erth           0%           71%         1
 Shock                    Conj/Air       0%           71%         1
 Summon Small Mammal      Summ           0%           71%         1
 Passwall                 Tmut/Erth      0%           85%         2
 Swiftness                Air            0%           85%         2
 Wereblood                Tmut           0%           85%         2
 Confusing Touch          Hex            0%           97%         3
 Gell's Gravitas          Tloc           0%           97%         3
 Spider Form              Tmut/Pois      0%           97%         3
 Static Discharge         Conj/Air       0%           97%         3
 Stone Arrow              Conj/Erth      0%           97%         3
 Airstrike                Air            0%           100%        4
 Ice Form                 Ice/Tmut       0%           100%        4
 Petrify                  Tmut/Erth      0%           100%        4
 Blade Hands              Tmut           0%           100%        5
 Lee's Rapid Deconstruct  Erth           0%           100%        5
 Lightning Bolt           Conj/Air       0%           100%        5
 Metabolic Englaciation   Hex/Ice        0%           100%        5
 Yara's Violent Unravell  Hex/Tmut       0%           100%        5


Dungeon Overview and Level Annotations

Branches:
Dungeon (15/15)            Temple (0/1) D:4            Lair (0/6) D:11
    Orc (0/2) D:11         Vaults (0/5) D:13         Bailey (visited)
  IceCv (visited)
 Depths: D:15

Altars:
Ashenzari
Cheibriados
Gozag
Hepliaklqana
Trog
Uskayaw
Xom
Yredelemnul
The Shining One

Shops:
D:14 ?

Annotations:
D:11 3 runed translucent doors


Innate Abilities, Weirdness & Mutations

You have a pair of large horns on your head.
You are mostly covered in icy blue scales. (AC +3)
You regenerate a lot of health from kills.


Message History

You hit the centaur warrior skeleton.
The centaur warrior skeleton is moderately damaged.
The centaur warrior skeleton misses you.
The yaktaur shoots a bolt.
The bolt closely misses you.
The yaktaur shoots a bolt.
The bolt hits you.
* * * LOW HITPOINT WARNING * * *
The yaktaur shoots a bolt.
The bolt misses you.
The yaktaur shoots a bolt.
The bolt hits you!
* * * LOW HITPOINT WARNING * * *
You see here a wolf spider corpse.
There is a stone staircase leading up here.
The centaur warrior skeleton barely misses you.
You climb upwards.
A boulder beetle and 4 skeletal warriors come into view.
Found a leather armour and a hand crossbow.
There is a stone staircase leading down here.
There are monsters nearby!
There are monsters nearby!
There are monsters nearby!
Okay, then.
As you read the scroll of teleportation, it crumbles to dust.
You feel strangely unstable.
The skeletal warrior hits you with a +0 long sword!
* * * LOW HITPOINT WARNING * * *
The skeletal warrior hits you but does no damage.
Your surroundings suddenly seem different.
A wyvern comes into view.
A wight comes into view. It is wielding a +2 great sword.
A wight comes into view. It is wielding a +0 mace.
A wight comes into view. It is wielding a +0 battleaxe.
Found a spear.
You block the wyvern's attack. The wyvern barely misses you.
The wyvern bites you!
* * * LOW HITPOINT WARNING * * *
There is a stone staircase leading up here.
The wyvern bites you.
* * * LOW HITPOINT WARNING * * *
The wyvern bites you!
You die...

##.######..# ###############
#.........###.............#
########............#######(.#
#........#...###....# ###..#
#.......##..####....# #....##
..#....##...........#.#####.#...#
.............))).##.##...##.##...
..####..z#...)...#...#####...#...
#.....zz.z..l@..#.......#.....
#............(..#...#####...#...
#.##......##)...##.## ##.##... #)
#.....>#####..#.# #.##### .
#......# #.##.# #.# # #......#
#.##.# #.# # ######## #.##.##
##.## #.#...#####...##
#...#.......#..#


You could see a wyvern and 3 wights.

Vanquished Creatures
  Agnes (D:14)
  A fire dragon (D:13)
  3 vault guards (D:13)
  3 boulder beetles
  3 centaur warriors
  2 two-headed ogres (D:15)
  2 tengu warriors
  4 skeletal warriors (D:10)
  An unseen horror (D:14)
  An obsidian statue (D:11)
  Pikel (D:7)
  A wolf spider (D:15)
  3 ugly things
  Joseph (D:8)
  Maurice (D:8)
  A guardian serpent (shapeshifter) (D:13)
  An ice statue (IceCv)
  4 gargoyles
  An efreet (D:13)
  2 ice devils (D:11)
  2 tengu conjurers
  5 trolls
  18 polar bears (IceCv)
  A harpy skeleton (D:13)
  A slime creature (D:13)
  3 hornets
  Prince Ribbit (D:8)
  Sigmund (D:6)
  2 wyverns
  2 wraiths
  2 shadows
  19 yaks
  8 humans (D:13)
  A basilisk (D:13)
  Menkaure (D:4)
  A soldier ant (D:11)
  3 water moccasins
  3 sky beasts
  A swamp drake (Bailey)
  14 orc warriors
  3 ice beasts
  4 ogres
  7 black bears
  A necrophage (D:13)
  8 wolves (IceCv)
  7 centaurs
  A phantom (D:4)
  A lemure (D:7)
  8 bullfrogs
  An elf skeleton (D:7)
  3 scorpions
  12 wights
  11 killer bees
  4 electric eels (D:9)
  3 howler monkeys
  2 quasits
  A bullfrog zombie (D:13)
  Crazy Yiuf (D:2)
  A hound (D:9)
  6 jellies
  5 orc priests
  3 centaur skeletons
  An iguana (D:14)
  Natasha (twice) (D:4)
  A human skeleton (D:7)
  8 orc wizards
  9 worker ants
  2 hound zombies
  A hound skeleton (D:8)
  2 worker ant zombies
  11 gnolls
  15 adders
  2 shadow imps
  5 white imps
  An ufetubus (D:5)
  2 oozes
  4 worms
  A dart slug (D:3)
  7 leopard geckos
  78 orcs
  3 giant cockroaches
  35 goblins
  14 hobgoblins
  10 jackals
  5 kobolds
  5 quokkas
  A ball python (D:2)
  10 bats
  9 frilled lizards
  A jackal skeleton (D:4)
  2 leopard gecko skeletons
  3 orc skeletons (D:7)
  An orc zombie (D:7)
  A quokka skeleton (D:5)
  14 rats
485 creatures vanquished.

Vanquished Creatures (others)
  A human (D:13)
  An orc warrior (Bailey)
  2 goblins (Bailey)
  A hobgoblin (Bailey)
  33 fungi
  30 plants
  5 toadstools (D:13)
73 creatures vanquished.

Grand Total: 558 creatures vanquished

Notes
Turn   | Place    | Note
-------+----------+-------------------------------------------
     0 | Abyss:1  | wampuh the Demonspawn Abyssal Knight began the quest for
                  | the Orb.
     0 | Abyss:1  | Reached XP level 1. HP: 18/18 MP: 2/2
    35 | Abyss:1  | Noticed an Executioner
    37 | D:1      | Escaped the Abyss
   229 | D:1      | Reached skill level 1 in Dodging
   333 | D:1      | Gained mutation: You are partially covered in icy blue
                  | scales. (AC +2) [demonic ancestry]
   333 | D:1      | Reached XP level 2. HP: 19/24 MP: 3/3
   349 | D:1      | Reached * piety under Lugonu
   678 | D:1      | Reached skill level 1 in Throwing
   853 | D:1      | Gained mutation: You have a pair of small horns on your
                  | head. [demonic ancestry]
   853 | D:1      | Reached XP level 3. HP: 23/29 MP: 4/4
  2069 | D:2      | Gained mutation: You have a pair of horns on your head.
                  | [demonic ancestry]
  2069 | D:2      | Reached XP level 4. HP: 35/35 MP: 5/5
  2478 | D:2      | Reached ** piety under Lugonu
  2661 | D:2      | Found a faded altar of an unknown god.
  2743 | D:2      | Found a runed translucent door.
  2744 | D:2      | Noticed Crazy Yiuf
  2756 | D:2      | Killed Crazy Yiuf
  2757 | D:2      | Gained mutation: You are mostly covered in icy blue scales.
                  | (AC +3) [demonic ancestry]
  2757 | D:2      | Reached XP level 5. HP: 41/41 MP: 6/6
  2921 | D:3      | Found a snail-covered altar of Cheibriados.
  4050 | D:4      | Reached skill level 1 in Staves
  4131 | D:4      | Reached XP level 6. HP: 38/48 MP: 7/7
  4214 | D:4      | Noticed Natasha
  4223 | D:4      | Killed Natasha
  4732 | D:4      | Found a glowing golden altar of the Shining One.
  4748 | D:4      | Found a staircase to the Ecumenical Temple.
  4749 | D:4      | Noticed Natasha
  4762 | D:4      | Killed Natasha
  4763 | D:4      | Reached XP level 7. HP: 50/54 MP: 8/8
  4765 | D:4      | Reached *** piety under Lugonu
  5322 | D:4      | Noticed Menkaure
  5330 | D:4      | Killed Menkaure
  5642 | D:5      | Entered Level 5 of the Dungeon
  5696 | D:5      | Identified a smoking robe
  5988 | D:5      | Reached skill level 5 in Fighting
  5992 | D:5      | Reached skill level 3 in Invocations
  6151 | D:5      | Found a hazy altar of Hepliaklqana.
  6249 | D:5      | Found an opulent altar of Gozag.
  6255 | D:5      | Gained mutation: You regenerate a little health from kills.
                  | [demonic ancestry]
  6255 | D:5      | Reached XP level 8. HP: 59/62 MP: 10/10
  6369 | D:6      | Found a shimmering altar of Xom.
  6374 | D:6      | Reached skill level 1 in Evocations
  6490 | D:6      | Reached skill level 4 in Invocations
  6893 | D:6      | Noticed Sigmund
  6911 | D:6      | Killed Sigmund
  6912 | D:6      | Reached skill level 5 in Armour
  6912 | D:6      | Reached skill level 5 in Invocations
  7695 | D:6      | Reached skill level 6 in Invocations
  7829 | D:7      | Noticed Pikel
  8045 | D:7      | Reached **** piety under Lugonu
  8052 | D:7      | Gained mutation: You regenerate health from kills. [demonic
                  | ancestry]
  8052 | D:7      | Reached XP level 9. HP: 68/68 MP: 13/13
  8064 | D:7      | Found a flagged portal.
  8072 | Bailey   | Entered a bailey
  8294 | Bailey   | Reached skill level 7 in Invocations
  8323 | Bailey   | Noticed an orc knight
  8325 | Bailey   | Noticed an orc knight
  8328 | Bailey   | Banished an orc knight
  8329 | Bailey   | Reached skill level 8 in Invocations
  8329 | Bailey   | Reached skill level 5 in Evocations
  8332 | Bailey   | Reached skill level 9 in Invocations
  8343 | Bailey   | Banished an orc knight
  8344 | Bailey   | Reached skill level 10 in Invocations
  8497 | Bailey   | Noticed an orc warlord
  8497 | Bailey   | Noticed an orc knight
  8508 | Bailey   | Banished an orc warlord
  8509 | Bailey   | Gained mutation: You have a pair of large horns on your
                  | head. [demonic ancestry]
  8509 | Bailey   | Reached XP level 10. HP: 82/82 MP: 12/17
  8511 | Bailey   | Banished an orc knight
  8583 | Bailey   | Identified 2 scrolls of acquirement
  8584 | Bailey   | Acquired a +1 lajatang of speed
  8587 | Bailey   | Acquired a +0 pair of gloves of dexterity
  9064 | D:7      | Killed Pikel
  9065 | D:7      | Reached skill level 10 in Fighting
  9072 | D:7      | Found a broken altar of Ashenzari.
  9329 | D:8      | Reached skill level 5 in Staves
  9420 | D:8      | Noticed a brown ugly thing
  9430 | D:8      | Killed a brown ugly thing
  9507 | D:8      | Noticed Maurice
  9516 | D:8      | Killed Maurice
  9619 | D:8      | You fall into a shaft and drop 2 floors!
  9619 | D:10     | Entered Level 10 of the Dungeon
  9862 | D:9      | Reached XP level 11. HP: 90/90 MP: 18/18
  9898 | D:9      | Found a basalt altar of Yredelemnul.
  9898 | D:9      | Found a hide-covered altar of Uskayaw.
 10286 | D:8      | Noticed Joseph
 10298 | D:8      | Killed Joseph
 10784 | D:8      | Identified a spiked leather armour
 10881 | D:8      | Found a bloodstained altar of Trog.
 11017 | D:8      | Noticed Prince Ribbit
 11154 | D:8      | Killed Prince Ribbit
 11710 | D:10     | Noticed a skeletal warrior
 11733 | D:10     | Killed a skeletal warrior
 11734 | D:10     | Noticed a skeletal warrior
 11735 | D:10     | Noticed a skeletal warrior
 11783 | D:10     | Killed a skeletal warrior
 11784 | D:10     | Reached skill level 11 in Invocations
 11784 | D:10     | Killed a skeletal warrior
 12016 | D:10     | Noticed a skeletal warrior
 12028 | D:10     | Killed a skeletal warrior
 12387 | D:11     | Found a runed translucent door.
 12388 | D:11     | Found a staircase to the Lair.
 12422 | D:10     | Reached ***** piety under Lugonu
 12588 | D:11     | Reached skill level 12 in Invocations
 12668 | D:11     | Found a staircase to the Orcish Mines.
 12686 | D:11     | Found a frozen archway.
 12716 | IceCv    | Entered an ice cave
 12929 | IceCv    | Reached skill level 10 in Staves
 12929 | IceCv    | Reached XP level 12. HP: 97/97 MP: 21/21
 13455 | IceCv    | Reached skill level 13 in Invocations
 13487 | IceCv    | Noticed a white draconian
 13501 | IceCv    | Banished a white draconian
 14305 | D:11     | Found a runed translucent door.
 14320 | D:11     | Found a runed translucent door.
 14331 | D:11     | Found a runed translucent door.
 14606 | D:12     | Noticed a boulder beetle
 14612 | D:12     | Banished a boulder beetle
 14613 | D:12     | Reached skill level 14 in Invocations
 15228 | D:13     | Noticed a five-headed hydra
 15229 | D:13     | Banished a five-headed hydra
 15230 | D:13     | Gained mutation: You regenerate a lot of health from kills.
                  | [demonic ancestry]
 15230 | D:13     | Reached XP level 13. HP: 103/103 MP: 18/23
 15381 | D:13     | Paralysed by a hornet for 3 turns
 15493 | D:13     | Noticed a fire dragon
 15511 | D:13     | Killed a fire dragon
 15989 | D:13     | Reached skill level 15 in Invocations
 16051 | D:13     | Found a gate to the Vaults.
 16320 | D:14     | Reached ****** piety under Lugonu
 16527 | D:14     | Reached skill level 5 in Dodging
 16569 | D:14     | Found Ownac's Magic Scroll Boutique.
 16575 | D:14     | Noticed Agnes
 16615 | D:14     | Killed Agnes
 16636 | D:14     | Bought a scroll of brand weapon for 380 gold pieces
 16654 | D:14     | You fall into a shaft and drop 1 floor!
 16654 | D:15     | Entered Level 15 of the Dungeon
 16825 | D:15     | Reached XP level 14. HP: 40/110 MP: 20/25
 16905 | D:14     | Mangled by a wyvern

Illustrated notes

Levels and vault maps discovered:
D:1:      dpeg_arrival_boxes_within_box, layout_basic
D:2:      layout_rooms, chequers_ecumenical_altar_grove, uniq_crazy_yiuf_cottage
D:3:      minmay_skewed_foursquare, layout_loops_corners,
          kennysheep_slug_shrine, serial_aquarium, aquarium_bridge_long_joined
          [aquarium_subvault_balcony, aquarium_subvault_wall,
          aquarium_subvault_window, aquarium_subvault_bridge,
          aquarium_subvault_wall, aquarium_subvault_bridge], aquarium_window_3,
          aquarium_window_fake, aquarium_view_2a, aquarium_pool_1,
          kennysheep_nondescript, hangedman_glass_teeth, hex_tiny
D:4:      minmay_diamond_boxcup, layout_layer_cave, overflow_temple_1_default,
          minmay_temple_entry_water_ring, uniq_menkaure, uniq_natasha
D:5:      layout_rooms, general_overflow_altar,
          nicolae_gozag_cash_rules_everything_around_me
D:6:      layout_basic, xom_butterflies, minivault_24,
          chequers_serial_rivers_room_b, kennysheep_nub, minmay_misc_feat_tiny,
          uniq_sigmund
D:7:      layout_basic, overflow_temple_1_default, serial_glass,
          glass_columns_a, glass_columns_a, glass_columns_a, glass_columns_c,
          glass_columns_c, glass_columns_b, glass_columns_b, glass_columns_a,
          glass_columns_a, glass_columns_b, nicolae_ossuary_entry_catacombs,
          lightli_bailey_entry_fortress, uniq_pikel
D:8:      layout_loops_corners, bloody_trog, kennysheep_cross_bottleneck,
          minmay_misc_feat_plants, uniq_joseph, uniq_maurice,
          uniq_prince_ribbit1
D:9:      layout_gridville, gammafunk_temple_overflow_statue,
          chequers_big_river, nicolae_wwwww
D:10:     layout_loops_ring, minmay_misc_feat_columns
D:11:     layout_small_grid, due_lair_maze_entry_diamond, hiddenorc1_lemuel,
          portal_ice_cave_demonic_guard, minmay_statue_crystal_thing
D:12:     layout_big_octagon
D:13:     layout_long_grid, ximxim_vaults_locker_room, minmay_gold_behind_fungi,
          minmay_the_grid_2x2 [minmay_the_grid_mess, minmay_the_grid_x,
          minmay_the_grid_empty, minmay_the_grid_prize_shrinking_boxes]
D:14:     layout_rooms, nicolae_trove_entry_path_of_doom, serial_shops,
          shop_fountains, minmay_misc_feat_tower, uniq_agnes
D:15:     grunt_enter_depths_magical_seal, layout_small_grid, uniq_louise

Skill      XL: |  1  2  3  4  5  6  7  8  9 10 11 12 13 14 |
---------------+-------------------------------------------+-----
Dodging        | 1 2 3 4 5 6 |  6.0
Armour         | 2 3 4 5 6 7 |  7.5
Throwing       | 1 |  1.8
Staves         | 1 2 4 6 10 12 14 | 14.0
Fighting       | 4 5 8 10 | 10.0
Invocations    | 3 6 10 12 14 15 | 15.0
Evocations     | 4 5 |  5.0
Unarmed Combat | |  1.7

Action                   |  1- 3 |  4- 6 |  7- 9 | 10-12 | 13-15 || total
-------------------------+-------+-------+-------+-------+-------++-------
Melee: Unarmed           |    92 |       |       |       |       ||    92
       Dagger            |    76 |    57 |       |       |       ||   133
       Headbutt          |     6 |    26 |    36 |   151 |    77 ||   296
       Punch             |       |     2 |       |       |       ||     2
       Quarterstaff      |       |   100 |   291 |    34 |       ||   425
       Scythe            |       |       |    22 |       |       ||    22
       Lajatang          |       |       |       |   817 |   325 ||  1142
Invok: Depart the Abyss  |     1 |       |       |       |       ||     1
       Banish            |       |       |     5 |     8 |     3 ||    16
Evoke: Lightning rod     |       |       |       |     5 |       ||     5
       Wand              |       |       |       |     3 |     3 ||     6
  Use: Potion            |     1 |       |       |     1 |       ||     2
       Scroll            |       |       |     7 |    14 |     5 ||    26
 Stab: Paralysed         |       |     3 |     2 |       |       ||     5
       Sleeping          |       |       |       |     2 |       ||     2
       Petrifying        |       |       |       |       |     1 ||     1
Armor: Leather armour    |    34 |       |       |   229 |    15 ||   278
       Scale mail        |    46 |    27 |       |       |       ||    73
       Plate armour      |       |    53 |   247 |   143 |       ||   443
       Fire dragon scale |       |       |       |       |   125 ||   125
Dodge: Dodged            |   102 |    56 |    95 |   410 |   122 ||   785
Block: Other             |       |       |       |   156 |    61 ||   217
       Reflection        |       |       |       |     2 |     2 ||     4

Table legend: (Time is in decaauts)
 A = Elapsed time spent in this place.
 B = Non-inter-level travel time spent in this place.
 C = Inter-level travel time spent in this place.
 D = Time resting spent in this place.
 E = Time spent auto-exploring this place.
 F = Levels seen in this place.
 G = Mean time per level.
                   A        B        C        D        E       F      G
               +--------+--------+--------+--------+--------+-----+--------+
         Total |  16578 |  16156 |    422 |   2073 |   9999 |  18 |  921.0 |
       Dungeon |  14861 |  14439 |    422 |   1570 |   9602 |  15 |  990.7 |
         Abyss |     37 |     37 |      0 |      0 |     35 |   1 |   37.0 |
        Bailey |    629 |    629 |      0 |    160 |     58 |   1 |  629.0 |
      Ice Cave |   1050 |   1050 |      0 |    343 |    304 |   1 | 1050.0 |
               +--------+--------+--------+--------+--------+-----+--------+

Top non-repeatable levels by time:
     D:1: 1943 daAuts
     D:4: 1718 daAuts
     D:6: 1517 daAuts
     D:8: 1245 daAuts
     D:3: 1243 daAuts
   IceCv: 1050 daAuts
     D:9: 951 daAuts
    D:13: 947 daAuts
     D:2: 898 daAuts
    D:11: 871 daAuts
    D:10: 865 daAuts
     D:7: 862 daAuts
  Bailey: 629 daAuts
    D:12: 551 daAuts
     D:5: 543 daAuts
